 Dungeon Crawl Stone Soup version 0.26-a0-599-gc8f6553 (webtiles) character file.

Game seed: 5618419763682164484

30851 digdugdiggy the Basher (level 13, -1/103 HPs)
             Began as a Formicid Fighter on Aug 30, 2020.
             Was a High Priest of Okawaru.
             Killed from afar by Jorgrun (21 damage)
             ... with an iron shot
             ... on level 15 of the Dungeon.
             The game lasted 00:30:45 (18528 turns).

digdugdiggy the Basher (Formicid Fighter)          Turns: 18528, Time: 00:30:46

Health: -1/103     AC: 39    Str: 24    XL:     13   Next: 91%
Magic:  0/13       EV:  5    Int:  9    God:    Okawaru [*****.]
Gold:   570        SH: 19    Dex: 17    Spells: 12/12 levels left

rFire    + . .     SeeInvis +   y - +7 dire flail
rCold    . . .     Faith    .   E - +0 tower shield {rF+}
rNeg     . . .     Spirit   +   o - +10 crystal plate armour of the Hall of Blades {MR+}
rPois    .         Reflect  .   (helmet unavailable)
rElec    .         Harm     .   z - +2 cloak {MR+}
rCorr    .                      r - +1 pair of gloves
MR       +++..                  B - +2 pair of boots {Stlth+}
Stlth    ..........             x - amulet of guardian spirit
HPRegen  0.27/turn              t - ring of wizardry
MPRegen  0.13/turn              I - +6 ring of dexterity

@: no status effects
A: permanent stasis, dig shafts and tunnels, four strong arms, antennae 3
a: Dig, Shaft Self, Heroism, Finesse, Renounce Religion


You were on level 15 of the Dungeon.
You worshipped Okawaru.
Okawaru was extremely pleased with you.
You visited 2 branches of the dungeon, and saw 16 of its levels.
You also visited: Sewer.

You collected 1007 gold pieces.
You spent 437 gold pieces at shops.

Inventory:

Hand Weapons
 y - a +7 dire flail (weapon)
 A - the +9 mace "Impbane" {vorpal, *Corrode rC+ Dex+5}
   (Okawaru gifted it to you on level 14 of the Dungeon)

   It inflicts extra damage upon your enemies.
   It affects your dexterity (+5).
   It protects you from cold.
   It may corrode you when you take damage.
 C - the +3 whip of Toothy Valiance {elec, rC+}
   (You found it on level 6 of the Dungeon)

   Occasionally, upon striking a foe, it will discharge some electrical energy
   and cause terrible harm.
   It protects you from cold.
Missiles
 u - 62 poisoned darts (quivered)
 D - 2 throwing nets
Armour
 k - a +0 plate armour
 o - the +10 crystal plate armour of the Hall of Blades (worn) {MR+}
   (You acquired it on level 14 of the Dungeon)

   It affects your resistance to hostile enchantments.
 r - a +1 pair of gloves (worn)
 z - a +2 cloak of magic resistance (worn)
 B - a +2 pair of boots of stealth (worn)
 E - a +0 tower shield of fire resistance (worn)
 G - a +3 plate armour
Jewellery
 t - a ring of wizardry (left hand)
 x - an amulet of guardian spirit (around neck)
 I - a +6 ring of dexterity (right hand)
Wands
 c - a wand of flame (20)
 p - a wand of enslavement (8)
 w - a wand of disintegration (14)
 H - a wand of iceblast (15)
 M - a wand of digging (6)
Scrolls
 f - 9 scrolls of remove curse
 g - 2 scrolls of amnesia
 i - 3 scrolls of magic mapping
 m - 3 scrolls of identify
 q - 3 scrolls of fear
 s - a scroll of fog
Potions
 d - a potion of might
 e - 3 potions of curing
 h - a potion of invisibility
 j - 4 potions of stabbing
 l - a potion of resistance
 n - 2 potions of flight
 F - a potion of brilliance


   Skills:
 + Level 9.9 Fighting
   Level 11.8(13.8) Axes
 - Level 12.1(14.0) Maces & Flails
 + Level 9.9 Armour
 - Level 3.5 Dodging
 + Level 10.7 Shields
 + Level 0.5 Invocations


You had 12 spell levels left.
You didn't know any spells.
Your spell library contained the following spells:

 Spells                   Type           Power        Failure   Level
 Corona                   Hex            #......      100%        1
 Ensorcelled Hibernation  Hex/Ice        #.....       100%        2
 Confusing Touch          Hex            #.......     100%        3
 Dazzling Flash           Conj/Hex       #.....       100%        3
 Gell's Gravitas          Tloc           #.........   100%        3
 Tukima's Dance           Hex            #.......     100%        3
 Petrify                  Tmut/Erth      #.......     100%        4
 Metabolic Englaciation   Hex/Ice        #.........   100%        5
 Yara's Violent Unravell  Hex/Tmut       #.........   100%        5


Dungeon Overview and Level Annotations

Branches:
Dungeon (15/15)            Temple (1/1) D:4            Lair (0/6) D:9
    Orc (0/2) D:12         Vaults (0/5) D:14          Sewer (visited)
 Depths: D:15

Altars:
Ashenzari
Cheibriados
Dithmenos
Elyvilon
Fedhas
Gozag
Hepliaklqana
Kikubaaqudgha
Makhleb
Nemelex Xobeh
Okawaru
Qazlal
Ru
Sif Muna
Trog
Uskayaw
Vehumet
Wu Jian
Xom
Yredelemnul
Zin
The Shining One
Beogh

Shops:
D:6 [   D:8 *   D:9 *

Annotations:
D:15 Jorgrun, Louise


Innate Abilities, Weirdness & Mutations

You cannot be hasted, slowed, berserked, paralysed or teleported.
You can dig through walls and to a lower floor.
Your four strong arms can wield two-handed weapons with a shield.
You have a pair of large antennae on your head. (SInv)


Message History

The stone arrow hits you! Louise blocks your attack.
Louise is almost dead.
You feel sick. You block Jorgrun's attack.
* * * LOW HITPOINT WARNING * * *
The grasping roots constrict you.
You don't have enough magic at the moment.
Louise blocks your attack.
Louise is almost dead.
Louise casts a spell.
Louise blinks!
You block Jorgrun's attack.
* * * LOW HITPOINT WARNING * * *
The grasping roots constrict you!!
The grasping roots release their grip on you.
You feel better.
Louise casts a spell.
Louise blinks!
Jorgrun casts a spell at you. The iron shot hits you!!
You die...

....##.#.....###
#.....|........#.#
.$........#......
............# ..#
#.....# ..## .
#..#..##...##.#
#§.#...(....... .
#g)##.#.......#
#.##@###..........
.......§#
#.#......#
######...
#....#.#.#
#.@...##.##...#.#
.#.........#.#.#
#.#..#.#........#
# #..#.#..#.#.#.#
#....#......###
#.......#.#.#


You could see Jorgrun and Louise.

Vanquished Creatures
  8 vault guards (D:14)
  A hydra (D:12)
  Harold (D:8)
  2 centaur warriors (D:13)
  A two-headed ogre (D:14)
  2 tengu warriors (D:15)
  Pikel (D:8)
  A wizard (D:14)
  A deep elf mage (D:14)
  4 ugly things (D:14)
  A manticore (D:11)
  3 cyclopes
  Maurice (D:12)
  Maggie (D:6)
  A komodo dragon (D:9)
  An efreet (D:13)
  2 trolls
  Grinder (D:6)
  A hornet (D:12)
  6 hippogriffs
  A meliai zombie (D:12)
  A vampire (D:14)
  A spriggan (D:14)
  18 yaks
  2 wyverns
  A wraith (D:11)
  2 vampire mosquitoes (D:15)
  Grum (D:8)
  An acid dragon (D:9)
  Menkaure (D:5)
  7 orc warriors
  3 sky beasts
  2 ice beasts
  5 necrophages
  A phantom (D:13)
  An eye of draining (D:13)
  2 wolves (D:8)
  6 ogres
  12 centaurs
  A lemure (D:8)
  3 crocodiles (D:9)
  4 big kobolds
  A gnoll sergeant (D:9)
  8 bullfrogs
  2 wyvern skeletons (D:14)
  A water moccasin skeleton (D:5)
  2 scorpions
  15 killer bees
  8 wights
  8 howler monkeys
  An electric eel (D:8)
  4 centaur zombies
  2 bullfrog zombies
  2 quasits
  15 orc wizards
  2 jellies
  2 centaur skeletons
  7 hounds
  9 orc priests
  A gnoll shaman (D:7)
  13 worker ants
  3 iguanas
  A killer bee zombie (D:8)
  A hound zombie (D:9)
  A hound skeleton (D:6)
  A howler monkey zombie (D:11)
  4 worker ant zombies
  14 gnolls
  9 adders
  2 shadow imps
  2 white imps (D:5)
  5 ufetubi
  An ooze (D:2)
  2 adder skeletons
  6 worms
  A dart slug (D:4)
  14 leopard geckos
  57 orcs
  11 giant cockroaches
  8 goblins
  3 hobgoblins
  16 jackals
  3 quokkas
  5 ball pythons
  4 bats
  9 frilled lizards
  A jackal zombie (D:8)
  21 kobolds
  A quokka zombie (D:8)
  5 rats
  A spectral orc (D:6)
431 creatures vanquished.

Notes
Turn   | Place    | Note
-------+----------+-------------------------------------------
     0 | D:1      | digdugdiggy the Formicid Fighter began the quest for the
                  | Orb.
     0 | D:1      | Reached XP level 1. HP: 18/18 MP: 1/1
    96 | D:1      | Reached XP level 2. HP: 22/24 MP: 2/2
   610 | D:2      | Reached XP level 3. HP: 26/29 MP: 3/3
  1140 | D:2      | Found an opulent altar of Gozag.
  1471 | D:2      | Reached XP level 4. HP: 35/35 MP: 4/4
  1846 | D:3      | Found a shadowy altar of Dithmenos.
  2698 | D:3      | Reached XP level 5. HP: 36/41 MP: 5/5
  2814 | D:3      | Reached skill level 5 in Axes
  3080 | D:4      | Noticed an ice beast
  3091 | D:4      | Killed an ice beast
  3091 | D:4      | Reached XP level 6. HP: 37/47 MP: 6/6
  3465 | D:4      | Reached XP level 7. HP: 45/52 MP: 7/7
  3804 | D:4      | Found a staircase to the Ecumenical Temple.
  3892 | Temple   | Entered the Ecumenical Temple
  4041 | Temple   | Became a worshipper of Warmaster Okawaru
  4772 | D:5      | Entered Level 5 of the Dungeon
  4823 | D:5      | Reached * piety under Okawaru
  4973 | D:5      | Reached XP level 8. HP: 58/58 MP: 8/8
  5033 | D:5      | Found a snail-covered altar of Cheibriados.
  5217 | D:5      | Noticed Menkaure
  5220 | D:5      | Killed Menkaure
  5305 | D:5      | Reached skill level 10 in Axes
  5754 | D:6      | Noticed Grinder
  5768 | D:6      | Killed Grinder
  5768 | D:6      | Reached XP level 9. HP: 62/64 MP: 6/9
  6159 | D:6      | Found a basalt altar of Yredelemnul.
  6201 | D:6      | Found a glowing drain.
  6224 | Sewer    | Entered a sewer
  6291 | Sewer    | Reached ** piety under Okawaru
  6443 | D:6      | Found a stormy altar of Qazlal.
  6445 | D:6      | Noticed Maggie
  6463 | D:6      | Killed Maggie
  6939 | D:6      | Found Joasoleu's Armour Shoppe.
  6942 | D:6      | Bought a +2 pair of boots of stealth for 322 gold pieces
  7102 | D:6      | Got a masterwork whip
  7103 | D:6      | Identified the +3 whip of Toothy Valiance {elec, rC+} (You
                  | found it on level 6 of the Dungeon)
  7150 | D:7      | Reached skill level 1 in Maces & Flails
  7182 | D:7      | Reached skill level 2 in Maces & Flails
  7669 | D:7      | Reached skill level 3 in Maces & Flails
  7850 | D:7      | Reached *** piety under Okawaru
  7855 | D:7      | Reached skill level 4 in Maces & Flails
  8324 | D:7      | Noticed an angel
  8325 | D:7      | Found a glowing silver altar of Zin.
  8709 | D:8      | Noticed Pikel
  8731 | D:8      | Killed Pikel
  8731 | D:8      | Reached skill level 6 in Maces & Flails
  8731 | D:8      | Reached XP level 10. HP: 46/70 MP: 8/10
  8988 | D:8      | Reached skill level 7 in Maces & Flails
  9162 | D:8      | Reached **** piety under Okawaru
  9194 | D:8      | Noticed Grum
  9197 | D:8      | Reached skill level 8 in Maces & Flails
  9205 | D:8      | Killed Grum
  9223 | D:8      | Found Iliqiwk's General Store.
  9229 | D:8      | Bought a scroll of remove curse for 30 gold pieces
  9229 | D:8      | Bought a scroll of identify for 20 gold pieces
  9324 | D:8      | Identified the ring "Vexeleghept" {Fire Str-4 Dex+2 Stlth+}
  9638 | D:8      | Reached skill level 9 in Maces & Flails
  9731 | D:8      | Noticed Harold
  9743 | D:8      | Killed Harold
 10065 | D:8      | Found a sparkling altar of Nemelex Xobeh.
 10087 | D:8      | Reached XP level 11. HP: 70/76 MP: 11/11
 10150 | D:8      | Found an ornate altar of the Wu Jian Council.
 10186 | D:8      | Reached ***** piety under Okawaru
 10465 | D:8      | Reached skill level 5 in Shields
 10840 | D:9      | Received a gift from Okawaru
 10841 | D:9      | Found the +2 robe of Vines {NoPotionHeal Regen+7}
 10860 | D:9      | Reached skill level 5 in Armour
 10889 | D:9      | Reached skill level 5 in Fighting
 11939 | D:9      | Found a staircase to the Lair.
 12019 | D:9      | Found Kood's General Store.
 12024 | D:9      | Bought a potion of heal wounds for 65 gold pieces
 12285 | D:10     | Entered Level 10 of the Dungeon
 13353 | D:11     | Noticed a manticore
 13514 | D:11     | Noticed a cyclops
 13526 | D:11     | Killed a cyclops
 13690 | D:11     | Killed a manticore
 14270 | D:12     | Noticed Maurice
 14296 | D:12     | Killed Maurice
 14296 | D:12     | Reached XP level 12. HP: 81/91 MP: 10/12
 14807 | D:12     | Noticed a six-headed hydra
 14816 | D:12     | Killed a six-headed hydra
 14816 | D:12     | Reached skill level 10 in Maces & Flails
 14826 | D:12     | Received a gift from Okawaru
 14942 | D:12     | Found a staircase to the Orcish Mines.
 14950 | D:12     | Found a roughly hewn altar of Beogh.
 15820 | D:13     | Noticed a centaur warrior
 15835 | D:13     | Killed a centaur warrior
 15978 | D:13     | Noticed a centaur warrior
 16000 | D:13     | Killed a centaur warrior
 16893 | D:14     | Found a gate to the Vaults.
 16893 | D:14     | Noticed a vault guard
 16893 | D:14     | Noticed a vault guard
 16893 | D:14     | Noticed a vault guard
 16893 | D:14     | Noticed a vault guard
 16893 | D:14     | Noticed a vault guard
 16893 | D:14     | Noticed a vault guard
 16893 | D:14     | Noticed a vault guard
 16893 | D:14     | Noticed a vault guard
 16915 | D:14     | Killed a vault guard
 16915 | D:14     | Reached skill level 11 in Maces & Flails
 16915 | D:14     | Reached XP level 13. HP: 100/100 MP: 5/13
 16932 | D:14     | Killed a vault guard
 16954 | D:14     | Killed a vault guard
 16963 | D:14     | Killed a vault guard
 16970 | D:14     | Killed a vault guard
 16970 | D:14     | Reached skill level 12 in Maces & Flails
 16980 | D:14     | Killed a vault guard
 16989 | D:14     | Killed a vault guard
 16989 | D:14     | Reached skill level 1 in Dodging
 17006 | D:14     | Killed a vault guard
 17006 | D:14     | Received a gift from Okawaru
 17291 | D:14     | Got an ivory mace {god gift}
 17386 | D:14     | Reached skill level 10 in Shields
 18278 | D:14     | Identified the +9 mace "Impbane" {vorpal, *Corrode rC+
                  | Dex+5} (Okawaru gifted it to you on level 14 of the
                  | Dungeon)
 18282 | D:14     | Identified a scroll of acquirement
 18282 | D:14     | Acquired the +10 crystal plate armour of the Hall of Blades
                  | {MR+}
 18306 | D:15     | Entered Level 15 of the Dungeon
 18322 | D:15     | Received a gift from Okawaru
 18398 | D:15     | Identified the +7 tower shield "Vokhlauk" {rElec rPois
                  | rCorr}
 18398 | D:15     | Noticed Louise
 18482 | D:15     | Noticed Jorgrun
 18528 | D:15     | Killed from afar by Jorgrun

Illustrated notes

Levels and vault maps discovered:
D:1:      tarquinn_simple_flora_water_f, layout_rooms, minmay_liquid_box,
          grunt_decor_cap
D:2:      layout_basic, grunt_gozag_breadcrumbs
D:3:      layout_basic, nrook_campfire, nicolae_dithmenos_through_a_glass_darkly
D:4:      minmay_wonky_spiral, layout_basic, minmay_temple_entry_crystal_x,
          glass_columns_c, minmay_cut_off
D:5:      layout_gridville, overflow_temple_1_default, uniq_menkaure
D:6:      layout_loops_ring, yredelemnul_forgotten_temple_becter,
          nicolae_overflow_crystal_walls, cheibrodos_sewer_entry_sluice,
          serial_shops, kennysheep_mini_moat, uniq_maggie, uniq_grinder
D:7:      layout_basic, zin_angel, minmay_statues_item,
          kennysheep_generic_room_15
D:8:      layout_basic, kennysheep_mini, nemelex_altar_shiori, serial_shops,
          shop, serial_park_tiny_1, kennysheep_opposing_triangles, uniq_pikel,
          uniq_harold, uniq_grum
D:9:      layout_gridville, erik_lair_dragon, serial_shops,
          kennysheep_little_box, serial_undead, serial_undead_c,
          serial_undead_a, serial_undead_f, serial_undead_a, solitary_fountain
D:10:     layout_basic
D:11:     layout_long_grid
D:12:     layout_rooms, minmay_orc_entry_temple_small, uniq_maurice
D:13:     layout_irregular_city, solitary_fountain, minmay_misc_feat_enclosed
D:14:     layout_irregular_city, erik_vaults_2, nrook_mini_backslash, the_bakery
D:15:     grunt_enter_depths_snipers, layout_basic, grunt_decor_mini_mirrors,
          serial_glass, glass_columns_a, glass_columns_b, minivault_27,
          minivault_5, uniq_jorgrun, uniq_louise
Temple:   regret_index_temple_sphere_string

Skill      XL: |  1  2  3  4  5  6  7  8  9 10 11 12 13 |
---------------+----------------------------------------+-----
Axes           | 3 4 6 8 10 11 | 11.8
Maces & Flails | 6 9 11 12 | 12.1
Shields        | 4 7 9 10 | 10.7
Fighting       | 7 8 9 |  9.9
Armour         | 7 8 9 |  9.9
Dodging        | 3 |  3.5
Invocations    | |  0.5

Action                   |  1- 3 |  4- 6 |  7- 9 | 10-12 | 13-15 || total
-------------------------+-------+-------+-------+-------+-------++-------
Melee: War axe           |    90 |   151 |   294 |       |       ||   535
       Whip              |       |       |   133 |   513 |       ||   646
       Dire flail        |       |       |       |   333 |   331 ||   664
Invok: Heroism           |       |       |     1 |     3 |     3 ||     7
       Finesse           |       |       |       |     2 |       ||     2
  Use: Scroll            |       |     6 |     6 |     7 |     6 ||    25
       Potion            |       |       |     2 |     4 |     7 ||    13
Armor: Scale mail        |    33 |    65 |   157 |    46 |       ||   301
       Plate armour      |       |       |       |   329 |    45 ||   374
       Crystal plate arm |       |       |       |       |    88 ||    88
Dodge: Dodged            |    27 |    47 |   134 |   168 |    28 ||   404
Block: Kite shield       |    50 |    72 |   168 |   176 |       ||   466
       Buckler           |       |       |     7 |    56 |       ||    63
       Tower shield      |       |       |       |   168 |   202 ||   370

Table legend: (Time is in decaauts)
 A = Elapsed time spent in this place.
 B = Non-inter-level travel time spent in this place.
 C = Inter-level travel time spent in this place.
 D = Time resting spent in this place.
 E = Time spent auto-exploring this place.
 F = Levels seen in this place.
 G = Mean time per level.
                   A        B        C        D        E       F      G
               +--------+--------+--------+--------+--------+-----+--------+
         Total |  18186 |  17576 |    610 |   4654 |   9739 |  17 | 1069.8 |
       Dungeon |  17784 |  17194 |    590 |   4654 |   9483 |  15 | 1185.6 |
        Temple |    159 |    139 |     20 |      0 |    138 |   1 |  159.0 |
         Sewer |    242 |    242 |      0 |      0 |    117 |   1 |  242.0 |
               +--------+--------+--------+--------+--------+-----+--------+

Top non-repeatable levels by time:
     D:8: 2159 daAuts
     D:4: 1709 daAuts
     D:9: 1439 daAuts
    D:14: 1348 daAuts
    D:11: 1341 daAuts
     D:7: 1325 daAuts
     D:2: 1309 daAuts
     D:6: 1184 daAuts
     D:3: 1138 daAuts
    D:10: 1088 daAuts
    D:13: 1042 daAuts
     D:5: 992 daAuts
    D:12: 972 daAuts
     D:1: 557 daAuts
   Sewer: 242 daAuts
